 Dungeon Crawl Stone Soup version 0.30-a0-782-ge64f9170bb (webtiles) character file.

Game seed: 1473978844816760308

865 shadizar the Trooper (level 8, -2/51 HPs)
             Began as a Gargoyle Fighter on Mar 18, 2023.
             Slain by an ogre
             ... wielding a +0 giant spiked club
              (10 damage)
             ... on level 5 of the Dungeon.
             The game lasted 00:05:46 (3519 turns).

shadizar the Trooper (Gargoyle Fighter)             Turns: 3519, Time: 00:05:46

Health: -2/51      AC: 16    Str: 21    XL:     8   Next: 3%
Magic:  8/8        EV:  8    Int: 10    God:
Gold:   180        SH:  4    Dex:  9    Spells: 7/7 levels left

rFire   . . .      SeeInvis .    a - +0 war axe
rCold   . . .      Faith    .    c - +0 buckler
rNeg    + . .      Spirit   .    f - +0 chain mail
rPois   ∞          Reflect  .    (no helmet)
rElec   +          Harm     .    (no cloak)
rCorr   .          Rampage  .    k - +0 pair of gloves
Will    .....                    (no boots) Stlth
                                 (no amulet)
HPRegen 0.28/turn                (no ring)
MPRegen 0.11/turn                (no ring)

@: mighty
A: sickness immunity, AC +5, negative energy resistance 1, electricity
resistance, torment resistance 1, petrification resistance
a: no special abilities


You were on level 5 of the Dungeon.
You visited 1 branch of the dungeon, and saw 5 of its levels.

You collected 180 gold pieces.

Inventory:

Hand Weapons
 a - a +0 war axe (weapon)
 g - a +0 sling
 p - a +0 war axe
Missiles
 h - 37 stones (quivered)
 x - a throwing net
Armour
 b - a +0 scale mail
 c - a +0 buckler (worn)
 f - a +0 chain mail (worn)
 k - a +0 pair of gloves (worn)
Wands
 A - a wand of polymorph (9)
Scrolls
 i - a scroll of poison {unknown}
 j - 2 scrolls of amnesia {unknown}
 l - 2 scrolls of noise {unknown}
 o - a scroll of enchant armour {unknown}
 q - a scroll of brand weapon {unknown}
 r - 3 scrolls of teleportation {unknown}
 t - a scroll of magic mapping {unknown}
 u - a scroll of vulnerability {unknown}
 w - 2 scrolls of blinking {unknown}
 y - 3 scrolls of identify {unknown}
 B - a scroll of torment {unknown}
Potions
 d - a potion of might
 e - 2 potions of lignification {unknown}
 m - a potion of resistance {unknown}
 n - 2 potions of heal wounds {unknown}
 s - a potion of brilliance {unknown}
 v - a potion of degeneration {unknown}
 z - 2 potions of magic {unknown}


   Skills:
 * Level 6.2 Fighting
 + Level 3.9 Axes
 + Level 5.4 Armour
 + Level 1.9 Dodging
 + Level 5.3 Shields


You had 7 spell levels left.
You didn't know any spells.
Your spell library contained the following spells:

 Spells                   Type           Power      Damage    Failure   Level
 Kiss of Death            Conj/Necr      0%         2d5       99%         1
 Scorch                   Fire           0%         2d5       99%         2
 Confusing Touch          Hex            0%         N/A       100%        3
 Dispel Undead            Necr           0%         3d6       100%        4
 Flame Wave               Conj/Fire      0%         2d4       100%        4
 Summon Cactus Giant      Summ           0%         N/A       100%        6


Dungeon Overview and Level Annotations

Branches:
Dungeon (5/15)
 Temple: D:4-7

Altars:
Gozag
Ru
Zin

Annotations:
D:3 4 runed translucent doors, Crazy Yiuf; funkygono's ghost, amateur MiFi
D:4 Sigmund
D:5 Dowan; Duvessa


Innate Abilities, Weirdness & Mutations

You are immune to sickness and miasma.
Your stone body is resilient. (AC +5)
You are immune to poison.
You resist negative energy. (rN+)
You are resistant to electric shocks. (rElec)
You are resistant to unholy torment.
You are immune to petrification.


Message History

The gnoll barely misses you. You block the gnoll's attack.
You feel very mighty all of a sudden. The gnoll barely misses you.
You barely miss the gnoll.
The gnoll is heavily wounded.
The gnoll hits you but does no damage.
You barely miss the gnoll.
The gnoll is heavily wounded.
The gnoll hits you but does no damage.
You hit the gnoll.
The gnoll is almost dead.
The gnoll barely misses you. The gnoll hits you but does no damage.
You closely miss the gnoll.
The gnoll is almost dead.
You block the gnoll's attack.
You slash the gnoll!
You kill the gnoll!
y - 3 scrolls labelled WIGEAJ JUWI (gained 1)
Things that are here:
a +0 halberd; a +0 leather armour; a gnoll corpse
Items here: )) [ †.
Okay, then.
You see here a +0 club.
You feel a little less mighty now.
An ogre comes into view. It is wielding a +0 giant spiked club.
The ogre shouts!
You barely miss the ogre. The ogre closely misses you.
You hit the ogre but do no damage.
The ogre hits you with a +0 giant spiked club!!
Ouch! That really hurt!
You hit the ogre.
The ogre is moderately wounded.
The ogre hits you with a +0 giant spiked club!
* * * LOW HITPOINT WARNING * * *
You feel very mighty all of a sudden. The ogre hits you but does no damage.
You slash the ogre!
The ogre is severely wounded.
The ogre hits you with a +0 giant spiked club!
You die...

#.## #..# #..#
#..# #..#########
#..'......>#
#..#######.# #O.#
#.####### #@##
#........ #.#
#.####### #)# #.#
#.## #)## #.#
#....##).# ##.#
#.)...# ##..#
#...##.# #..##
#...##.#####.###
.'..............#


You could see an ogre.

Vanquished Creatures
  A water moccasin (D:5)
  A black bear (D:4)
  A centaur (D:5)
  A kobold brigand (D:5)
  A phantom (D:5)
  A necrophage (D:5)
  A scorpion (D:5)
  A howler monkey (D:5)
  Jessica (D:3)
  Natasha (thrice) (D:3)
  An iguana (D:5)
  5 gnolls
  5 adders
  An ufetubus (D:5)
  2 worms
  3 dart slugs (D:1)
  4 orcs
  7 ball pythons
  3 endoplasms
  4 giant cockroaches
  4 goblins
  4 hobgoblins
  A quokka (D:1)
  4 bats (D:1)
  2 frilled lizards (D:1)
  10 kobolds
  2 rats
74 creatures vanquished.

Vanquished Creatures (others)
  A plant (D:3)
1 creature vanquished.

Grand Total: 75 creatures vanquished

Notes
Turn   | Place    | Note
-------+----------+-------------------------------------------
     0 | D:1      | shadizar the Gargoyle Fighter began the quest for the Orb.
     0 | D:1      | Reached XP level 1. HP: 14/14 MP: 1/1
   155 | D:1      | Reached XP level 2. HP: 19/19 MP: 2/2
   521 | D:1      | Reached XP level 3. HP: 23/23 MP: 3/3
   546 | D:1      | Found a faded altar of an unknown god.
  1460 | D:2      | Reached XP level 4. HP: 28/29 MP: 4/4
  1606 | D:3      | Found an opulent altar of Gozag.
  1689 | D:3      | Found a runed translucent door.
  1690 | D:3      | Noticed Crazy Yiuf
  1764 | D:3      | Noticed Jessica
  1765 | D:3      | Found a glowing silver altar of Zin.
  1769 | D:3      | Killed Jessica
  1770 | D:3      | Reached skill level 4 in Fighting
  1783 | D:3      | Noticed Natasha
  1790 | D:3      | Killed Natasha
  1791 | D:3      | Reached XP level 5. HP: 26/33 MP: 5/5
  1797 | D:3      | Noticed Natasha
  1803 | D:3      | Killed Natasha
  1812 | D:3      | Noticed Natasha
  1833 | D:3      | Killed Natasha
  2146 | D:3      | Found a runed translucent gate.
  2146 | D:3      | Found a runed translucent gate.
  2146 | D:3      | Found a runed translucent gate.
  2147 | D:3      | Noticed funkygono's ghost (amateur MiFi)
  2428 | D:4      | Reached XP level 6. HP: 37/39 MP: 6/6
  2458 | D:4      | Found a sacrificial altar of Ru.
  2497 | D:4      | Noticed Duvessa
  2518 | D:4      | Noticed Dowan
  2529 | D:5      | Entered Level 5 of the Dungeon
  2582 | D:5      | Noticed a water moccasin
  2595 | D:5      | Killed a water moccasin
  2807 | D:4      | Noticed Sigmund
  2869 | D:4      | Noticed a black bear
  2878 | D:4      | Killed a black bear
  2879 | D:4      | Reached skill level 5 in Fighting
  2995 | D:5      | Reached skill level 1 in Dodging
  2995 | D:5      | Reached XP level 7. HP: 40/44 MP: 7/7
  3005 | D:5      | Reached skill level 5 in Armour
  3122 | D:5      | Reached skill level 5 in Shields
  3355 | D:5      | Reached skill level 6 in Fighting
  3365 | D:5      | Reached XP level 8. HP: 31/51 MP: 8/8
  3519 | D:5      | Slain by an ogre

Illustrated notes

Levels and vault maps discovered:
D:1:      eino_arrival_cavern_a, layout_loops_corners, basic_ecumenical_altar
D:2:      layout_basic, nrook_uturn
D:3:      layout_rooms, nicolae_gozag_cash_rules_everything_around_me,
          mainiacjoe_overflow_tiny_flanked, gammafunk_ghost_necromancy,
          kennysheep_path_1, uniq_jessica, uniq_natasha, uniq_crazy_yiuf_cottage
D:4:      layout_gridville, lemuel_doored_altar, temple_fountains, uniq_duvessa,
          uniq_sigmund
D:5:      layout_basic, grunt_dithmenos_smoke_and_mirrors, minmay_manual_maat

Skill      XL: |  1  2  3  4  5  6  7 |
---------------+----------------------+-----
Axes           | 2 3 |  3.9
Fighting       | 4 5 6 |  6.2
Armour         | 4 5 |  5.4
Shields        | 4 5 |  5.3
Dodging        | 1 |  1.9

Action                     |  1- 3 |  4- 6 |  7- 9 || total
---------------------------+-------+-------+-------++-------
  Melee: War axe           |   112 |   127 |    83 ||   322
         Unarmed           |       |    19 |       ||    19
    Use: Potion            |       |       |     2 ||     2
 Armour: Scale mail        |    34 |       |       ||    34
         Chain mail        |    38 |   103 |    72 ||   213
         Skin              |       |     2 |       ||     2
  Dodge: Dodged            |    50 |    79 |    51 ||   180
  Block: Buckler           |    21 |    27 |    26 ||    74

Table legend: (Time is in decaauts)
 A = Elapsed time spent in this place.
 B = Non-inter-level travel time spent in this place.
 C = Inter-level travel time spent in this place.
 D = Time resting spent in this place.
 E = Time spent auto-exploring this place.
 F = Levels seen in this place.
 G = Mean time per level.
                   A        B        C        D        E       F      G
               +--------+--------+--------+--------+--------+-----+--------+
         Total |   3654 |   3535 |    119 |      0 |   2533 |   5 |  730.8 |
       Dungeon |   3654 |   3535 |    119 |      0 |   2533 |   5 |  730.8 |
               +--------+--------+--------+--------+--------+-----+--------+

Top non-repeatable levels by time:
     D:1: 951 daAuts
     D:3: 880 daAuts
     D:5: 683 daAuts
     D:2: 673 daAuts
     D:4: 464 daAuts
